| TOP OF THE 1ST |
|
New Jersey Devils batting - Pitching for Winnipeg Goldeyes : RHP Gregg Edwards
|
|
Pitching: RHP Gregg Edwards
|
|
|
Batting: RHB Sergio Andrada
|
0-0: Foul Ball, location: 2F 0-1: Ground out 4-3 (Groundball, 4, EV 81.2 MPH)
|
|
Batting: SHB Danny Tapia Jr.
|
0-0: Ball 1-0: Fly out, F7 (Flyball, 78S, EV 85.6 MPH)
|
|
Batting: SHB Adonis Jones
|
0-0: Called Strike 0-1: Fly out, F9 (Flyball, 89S, EV 89.4 MPH)
|
| Top of the 1st over - 0 runs, 0 hits, 0 errors, 0 left on base; New Jersey 0 - Winnipeg 0 |
| BOTTOM OF THE 1ST |
|
Winnipeg Goldeyes batting - Pitching for New Jersey Devils : RHP Nick Rutscher
|
|
Pitching: RHP Nick Rutscher
|
|
|
Batting: RHB Settan Nakamura
|
0-0: Called Strike 0-1: Foul Ball, location: 2F 0-2: Strikes out swinging
|
|
Batting: RHB Mitsuhiro Kobayashi
|
0-0: Called Strike 0-1: Swinging Strike 0-2: Strikes out looking
|
|
Batting: SHB Victor Turrubiate
|
0-0: Foul Ball, location: 2F 0-1: Called Strike 0-2: Ball 1-2: Ball 2-2: Ball 3-2: Ground out 4-3 (Groundball, 4, EV 87.5 MPH)
|
| Bottom of the 1st over - 0 runs, 0 hits, 0 errors, 0 left on base; New Jersey 0 - Winnipeg 0 |
| TOP OF THE 2ND |
|
New Jersey Devils batting - Pitching for Winnipeg Goldeyes : RHP Gregg Edwards
|
|
Batting: SHB Ernesto Mazas
|
0-0: Ball 1-0: SINGLE (Groundball, 3S, EV 65.6 MPH) (infield hit)
|
|
Batting: LHB Mike Bolock
|
0-0: Ball 1-0: Fly out, F7 (Flyball, 78M, EV 91.2 MPH)
|
|
Batting: LHB Rodolfo Alvarez
|
0-0: Ball 1-0: Ball 2-0: Called Strike 2-1: Ball 3-1: Foul Ball, location: 2F 3-2: Strikes out swinging
|
|
Batting: RHB Oscar Ramirez
|
0-0: Ball 1-0: Foul Ball, location: 2F 1-1: Foul Ball, location: 2F 1-2: Fly out, F8 (Flyball, 8RD, EV 91.2 MPH)
|
| Top of the 2nd over - 0 runs, 1 hit, 0 errors, 1 left on base; New Jersey 0 - Winnipeg 0 |
| BOTTOM OF THE 2ND |
|
Winnipeg Goldeyes batting - Pitching for New Jersey Devils : RHP Nick Rutscher
|
|
Batting: SHB Tim Lloyd
|
0-0: Called Strike 0-1: Ball 1-1: Foul Ball, location: 2F 1-2: Strikes out swinging
|
|
Batting: RHB Alejandro de Jesus
|
0-0: Foul Ball, location: 2F 0-1: Ball 1-1: Ball 2-1: Foul Ball, location: 2F 2-2: DOUBLE (Line Drive, 9LM, EV 105.0 MPH)
|
|
Batting: SHB Ed Mosqueda
|
0-0: Ball 1-0: Swinging Strike 1-1: Called Strike 1-2: Strikes out swinging
|
|
Batting: RHB Yu-zeng Mai
|
0-0: Ball 1-0: Called Strike 1-1: Foul Ball, location: 2F 1-2: Strikes out looking
|
| Bottom of the 2nd over - 0 runs, 1 hit, 0 errors, 1 left on base; New Jersey 0 - Winnipeg 0 |
| TOP OF THE 3RD |
|
New Jersey Devils batting - Pitching for Winnipeg Goldeyes : RHP Gregg Edwards
|
|
Batting: RHB Torsten Hodensack
|
0-0: Ball 1-0: Foul Ball, location: 2F 1-1: Ground out 5-3 (Groundball, 56S, EV 83.8 MPH)
|
|
Batting: LHB Jason Miller
|
0-0: Ball 1-0: Called Strike 1-1: Called Strike 1-2: Foul Ball, location: 2F 1-2: Ball 2-2: Strikes out swinging
|
|
Batting: RHB Sergio Andrada
|
0-0: Ball 1-0: Ball 2-0: Called Strike 2-1: Ground out 4-3 (Groundball, 4, EV 76.9 MPH)
|
| Top of the 3rd over - 0 runs, 0 hits, 0 errors, 0 left on base; New Jersey 0 - Winnipeg 0 |
| BOTTOM OF THE 3RD |
|
Winnipeg Goldeyes batting - Pitching for New Jersey Devils : RHP Nick Rutscher
|
|
Batting: SHB Andy Ehrsam
|
0-0: Fly out, F9 (Flyball, 9, EV 71.9 MPH)
|
|
Batting: RHB Ricky Saucedo
|
0-0: Ball 1-0: Ball 2-0: Fly out, F8 (Flyball, 8RD, EV 96.9 MPH)
|
|
Batting: RHB Settan Nakamura
|
0-0: Ball 1-0: Ball 2-0: Ball 3-0: Base on Balls
|
|
Batting: RHB Mitsuhiro Kobayashi
|
0-0: Ball 1-0: Foul Ball, location: 2F 1-1: Ball 2-1: Foul Ball, location: 2F 2-2: Ball 3-2: Foul Ball, location: 2F 3-2: Ground out 5-3 (Groundball, 56S, EV 79.4 MPH)
|
| Bottom of the 3rd over - 0 runs, 0 hits, 0 errors, 1 left on base; New Jersey 0 - Winnipeg 0 |
| TOP OF THE 4TH |
|
New Jersey Devils batting - Pitching for Winnipeg Goldeyes : RHP Gregg Edwards
|
|
Batting: SHB Danny Tapia Jr.
|
0-0: Called Strike 0-1: Fly out, F7 (Flyball, 7D, EV 88.8 MPH)
|
|
Batting: SHB Adonis Jones
|
0-0: Ball 1-0: Called Strike 1-1: Called Strike 1-2: Ball 2-2: Ball 3-2: Foul Ball, location: 2F 3-2: SINGLE (Groundball, 4MD, EV 95.6 MPH)
|
|
Batting: SHB Ernesto Mazas
|
0-0: Called Strike 0-1: Called Strike 0-2: Ball 1-2: Fly out, F8 (Flyball, 8RM, EV 96.2 MPH)
|
|
Batting: LHB Mike Bolock
|
0-0: Foul Ball, location: 2F 0-1: SINGLE (Groundball, 4MD, EV 106.2 MPH) Adonis Jones to second
|
|
Batting: LHB Rodolfo Alvarez
|
0-0: Ball 1-0: Called Strike 1-1: Ball 2-1: Foul Ball, location: 2F 2-2: Foul Ball, location: 2F 2-2: Foul Ball, location: 2F 2-2: Foul Ball, location: 2F 2-2: Ball 3-2: Fly out, F8 (Flyball, 78S, EV 83.8 MPH)
|
| Top of the 4th over - 0 runs, 2 hits, 0 errors, 2 left on base; New Jersey 0 - Winnipeg 0 |
| BOTTOM OF THE 4TH |
|
Winnipeg Goldeyes batting - Pitching for New Jersey Devils : RHP Nick Rutscher
|
|
Batting: SHB Victor Turrubiate
|
0-0: Ball 1-0: Ball 2-0: Foul Ball, location: 2F 2-1: Ball 3-1: Called Strike 3-2: Ground out 5-3 (Groundball, 56S, EV 80.0 MPH)
|
|
Batting: SHB Tim Lloyd
|
0-0: Ball 1-0: Ball 2-0: Ball 3-0: Called Strike 3-1: Called Strike 3-2: Foul Ball, location: 2F 3-2: Fly out, F8 (Line Drive, 8RD, EV 94.4 MPH)
|
|
Batting: RHB Alejandro de Jesus
|
0-0: Called Strike 0-1: Swinging Strike 0-2: Ball 1-2: Strikes out swinging
|
| Bottom of the 4th over - 0 runs, 0 hits, 0 errors, 0 left on base; New Jersey 0 - Winnipeg 0 |
| TOP OF THE 5TH |
|
New Jersey Devils batting - Pitching for Winnipeg Goldeyes : RHP Gregg Edwards
|
|
Batting: RHB Oscar Ramirez
|
0-0: Ground out 5-3 (Groundball, 5S, EV 86.2 MPH)
|
|
Batting: RHB Torsten Hodensack
|
0-0: Fly out, F8 (Line Drive, 89M, EV 86.2 MPH)
|
|
Batting: LHB Jason Miller
|
0-0: Ball 1-0: Fly out, F7 (Flyball, 7, EV 85.6 MPH)
|
| Top of the 5th over - 0 runs, 0 hits, 0 errors, 0 left on base; New Jersey 0 - Winnipeg 0 |
| BOTTOM OF THE 5TH |
|
Winnipeg Goldeyes batting - Pitching for New Jersey Devils : RHP Nick Rutscher
|
|
Batting: SHB Ed Mosqueda
|
0-0: DOUBLE (Flyball, 78D, EV 106.2 MPH)
|
|
Batting: RHB Yu-zeng Mai
|
0-0: Ball 1-0: Called Strike 1-1: SINGLE (Groundball, 56S, EV 75.0 MPH) (infield hit) Ed Mosqueda to third
|
|
Batting: SHB Andy Ehrsam
|
0-0: DOUBLE (Line Drive, 8RXD, EV 108.1 MPH) Ed Mosqueda scores Yu-zeng Mai to third
|
|
Batting: RHB Ricky Saucedo
|
0-0: Hit by Pitch
|
|
Batting: RHB Settan Nakamura
|
0-0: Ball 1-0: Called Strike 1-1: Foul Ball, location: 2F 1-2: Strikes out swinging
|
|
Batting: RHB Mitsuhiro Kobayashi
|
0-0: Called Strike 0-1: Foul Ball, location: 2F 0-2: Fly out, F5 (Popup, 25F, EV 86.2 MPH)
|
|
Batting: SHB Victor Turrubiate
|
0-0: Ball 1-0: Called Strike 1-1: Foul Ball, location: 2F 1-2: Ball 2-2: Strikes out swinging
|
| Bottom of the 5th over - 1 run, 3 hits, 0 errors, 3 left on base; New Jersey 0 - Winnipeg 1 |
| TOP OF THE 6TH |
|
New Jersey Devils batting - Pitching for Winnipeg Goldeyes : RHP Gregg Edwards
|
|
Batting: RHB Sergio Andrada
|
0-0: Called Strike 0-1: Fly out, F8 (Flyball, 89M, EV 90.6 MPH)
|
|
Batting: SHB Danny Tapia Jr.
|
0-0: Swinging Strike 0-1: SINGLE (Line Drive, 78S, EV 105.6 MPH)
|
|
Batting: SHB Adonis Jones
|
0-0: Ball 1-0: Ball 2-0: Foul Ball, location: 2F 2-1: Ball 3-1: 2-RUN HOME RUN (Line Drive, 8RXD, EV 109.4 MPH), Distance : 449 ft
|
|
Batting: SHB Ernesto Mazas
|
0-0: DOUBLE (Line Drive, 89D, EV 103.1 MPH)
|
|
Batting: LHB Mike Bolock
|
0-0: Ball 1-0: Ball 2-0: Ball 3-0: Called Strike 3-1: Ground out U3 (Groundball, 34S, EV 81.9 MPH) Ernesto Mazas to third
|
|
Batting: LHB Rodolfo Alvarez
|
0-0: Ball 1-0: Ball 2-0: Fly out, F9 (Flyball, 9, EV 83.1 MPH)
|
| Top of the 6th over - 2 runs, 3 hits, 0 errors, 1 left on base; New Jersey 2 - Winnipeg 1 |
| BOTTOM OF THE 6TH |
|
Winnipeg Goldeyes batting - Pitching for New Jersey Devils : RHP Nick Rutscher
|
|
Batting: SHB Tim Lloyd
|
0-0: Called Strike 0-1: Ball 1-1: Ball 2-1: Ball 3-1: Called Strike 3-2: Fly out, F8 (Flyball, 78M, EV 72.5 MPH)
|
|
Pitching: RHP Joachim Marot
|
|
|
Pinch Hitting: SHB Rodrigo Mendoza
|
0-0: Called Strike 0-1: Foul Ball, location: 2F 0-2: Ground out U3 (Groundball, 3, EV 82.5 MPH)
|
|
Batting: SHB Ed Mosqueda
|
0-0: Swinging Strike 0-1: Foul Ball, location: 2F 0-2: Strikes out swinging
|
| Bottom of the 6th over - 0 runs, 0 hits, 0 errors, 0 left on base; New Jersey 2 - Winnipeg 1 |
| TOP OF THE 7TH |
|
New Jersey Devils batting - Pitching for Winnipeg Goldeyes : RHP Gregg Edwards
|
|
Now at 3B: Rodrigo Mendoza
|
|
|
Now at SS: Ed Mosqueda
|
|
|
Batting: RHB Oscar Ramirez
|
0-0: Called Strike 0-1: Ground out 4-3 (Groundball, 34, EV 81.2 MPH)
|
|
Batting: RHB Torsten Hodensack
|
0-0: Called Strike 0-1: Fly out, F8 (Flyball, 8RM, EV 88.1 MPH)
|
|
Batting: LHB Jason Miller
|
0-0: Foul Ball, location: 2F 0-1: Foul Ball, location: 2F 0-2: Foul Ball, location: 2F 0-2: Ball 1-2: Ball 2-2: Strikes out swinging
|
| Top of the 7th over - 0 runs, 0 hits, 0 errors, 0 left on base; New Jersey 2 - Winnipeg 1 |
| BOTTOM OF THE 7TH |
|
Winnipeg Goldeyes batting - Pitching for New Jersey Devils : RHP Joachim Marot
|
|
Pinch Hitting: SHB Nadhir Umayr
|
0-0: Foul Ball, location: 2F 0-1: Ball 1-1: Ball 2-1: Swinging Strike 2-2: Ball 3-2: Foul Ball, location: 2F 3-2: Strikes out looking
|
|
Pinch Hitting: RHB Mike Berzins
|
0-0: Ball 1-0: Ball 2-0: Ball 3-0: Base on Balls
|
|
Batting: RHB Ricky Saucedo
|
0-0: Ball 1-0: Ball 2-0: Called Strike 2-1: Fielders Choice at 2nd, 6-4 (Groundball, 6, EV 85.0 MPH)
|
|
Batting: RHB Settan Nakamura
|
0-0: Swinging Strike 0-1: Foul Ball, location: 2F 0-2: Foul Ball, location: 2F 0-2: Foul Ball, location: 2F 0-2: Ball 1-2: Foul Ball, location: 2F 1-2: Fly out, F7 (Flyball, 7, EV 90.6 MPH)
|
| Bottom of the 7th over - 0 runs, 0 hits, 0 errors, 1 left on base; New Jersey 2 - Winnipeg 1 |
| TOP OF THE 8TH |
|
New Jersey Devils batting - Pitching for Winnipeg Goldeyes : RHP Gregg Edwards
|
|
Pitching: RHP Chris Shields
|
|
|
Now in LF: Dave Bertheau
|
|
|
Now in CF: Mike Berzins
|
|
|
Batting: RHB Sergio Andrada
|
0-0: Ball 1-0: Ball 2-0: Foul Ball, location: 2F 2-1: Foul Ball, location: 2F 2-2: Foul Ball, location: 2F 2-2: Ball 3-2: Foul Ball, location: 2F 3-2: SINGLE (Line Drive, 7S, EV 88.1 MPH)
|
|
Batting: SHB Danny Tapia Jr.
|
0-0: Foul Ball, location: 2F 0-1: Ball 1-1: Swinging Strike 1-2: Ball 2-2: Foul Ball, location: 2F 2-2: Strikes out swinging
|
|
Batting: SHB Adonis Jones
|
0-0: Ball 1-0: Ball 2-0: Called Strike Sergio Andrada is caught stealing 2nd base 2-6 2-1: Ball 3-1: Swinging Strike 3-2: Base on Balls
|
|
Batting: SHB Ernesto Mazas
|
0-0: Ball 1-0: Called Strike 1-1: Called Strike 1-2: SINGLE (Groundball, 6MD, EV 106.9 MPH) Adonis Jones to second
|
|
Batting: LHB Mike Bolock
|
0-0: Ball 1-0: Fly out, F8 (Flyball, 8LS, EV 85.0 MPH)
|
| Top of the 8th over - 0 runs, 2 hits, 0 errors, 2 left on base; New Jersey 2 - Winnipeg 1 |
| BOTTOM OF THE 8TH |
|
Winnipeg Goldeyes batting - Pitching for New Jersey Devils : RHP Joachim Marot
|
|
Pitching: LHP Archie Creelman
|
|
|
Batting: RHB Mitsuhiro Kobayashi
|
0-0: Ball 1-0: Foul Ball, location: 2F 1-1: Ground out 6-3 (Groundball, 6, EV 91.9 MPH)
|
|
Batting: SHB Victor Turrubiate
|
0-0: Called Strike 0-1: Foul Ball, location: 2F 0-2: Ball 1-2: Fly out, F5 (Popup, 15, EV 78.8 MPH)
|
|
Batting: SHB Tim Lloyd
|
0-0: Ball 1-0: Ball 2-0: Called Strike 2-1: SINGLE (Flyball, 89S, EV 96.2 MPH)
|
|
Batting: SHB Rodrigo Mendoza
|
0-0: Ball 1-0: SINGLE (Groundball, 56, EV 103.1 MPH) (infield hit) Tim Lloyd to second
|
|
Pinch Hitting: RHB Terry Oetker
|
0-0: Foul Ball, location: 2F 0-1: 3-RUN HOME RUN (Flyball, 7D, EV 101.9 MPH), Distance : 391 ft
|
|
Pitching: LHP Bryce Anderson
|
|
|
Batting: LHB Dave Bertheau
|
0-0: Ground out 4-3 (Groundball, 4, EV 103.1 MPH)
|
| Bottom of the 8th over - 3 runs, 3 hits, 0 errors, 0 left on base; New Jersey 2 - Winnipeg 4 |
| TOP OF THE 9TH |
|
New Jersey Devils batting - Pitching for Winnipeg Goldeyes : RHP Chris Shields
|
|
Now at 1B: Fernando Membreno
|
|
|
Now at SS: Kenny Reynolds
|
|
|
Batting: LHB Rodolfo Alvarez
|
0-0: Ball 1-0: Ball 2-0: Called Strike 2-1: Called Strike 2-2: Ball 3-2: Foul Ball, location: 2F 3-2: Fly out, F7 (Flyball, 7LSF, EV 87.5 MPH)
|
|
Pinch Hitting: LHB Miguel Quizhpi
|
0-0: Called Strike 0-1: Ball 1-1: Ball 2-1: Ball 3-1: Fly out, F9 (Line Drive, 9D, EV 104.4 MPH)
|
|
Pinch Hitting: RHB John Carpenter
|
0-0: Ball 1-0: Foul Ball, location: 2F 1-1: Ball 2-1: Ball 3-1: Fly out, F7 (Flyball, 7LM, EV 89.4 MPH)
|
| Top of the 9th over - 0 runs, 0 hits, 0 errors, 0 left on base; New Jersey 2 - Winnipeg 4 |
|